 Dungeon Crawl Stone Soup version 0.30-a0-782-ge64f9170bb (webtiles) character file.

Game seed: 15989739994817232029

3646 mopl the Sneak (level 9, 0/62 HPs)
             Began as a White Draconian Enchanter on Mar 12, 2023.
             Was a Believer of Dithmenos.
             Succumbed to a killer bee's poison
             ... on level 8 of the Dungeon.
             The game lasted 00:13:03 (6846 turns).

mopl the Sneak (White Draconian Enchanter)          Turns: 6846, Time: 00:13:04

Health: 0/62       AC: 10    Str: 17    XL:     9   Next: 88%
Magic:  2/18       EV: 12    Int: 20    God:    Dithmenos [**....]
Gold:   410        SH:  0    Dex: 11    Spells: 9/20 levels left

rFire   . . .      SeeInvis +    a - +1 dagger
rCold   + . .      Faith    .    (no shield)
rNeg    . . .      Spirit   .    (body armour unavailable)
rPois   .          Reflect  .    (helmet restricted)
rElec   .          Harm     .    p - +0 cloak
rCorr   .          Rampage  .    x - +1 pair of gloves
Will    .....                    (no boots)
Stlth   ++++                     (no amulet)
HPRegen 0.30/turn                m - ring of see invisible
MPRegen 0.16/turn                K - +6 ring of strength

@: mighty, brilliant, lethally poisoned (0 -> -19), wreathed by umbra, invisible
A: breathe frost, AC +7, unfitting armour, cold resistance 1, cold-blooded
a: Breathe Frost, Renounce Religion, Shadow Step


You were on level 8 of the Dungeon.
You worshipped Dithmenos.
Dithmenos was pleased with you.
You visited 1 branch of the dungeon, and saw 8 of its levels.
You also visited: Sewer.

You collected 410 gold pieces.

Inventory:

Hand Weapons
 a - a +1 dagger (weapon)
 b - the +3 rapier "Terraz" {flame, Fly rElec rC+ Stlth-}
   (You found it on level 2 of the Dungeon)

   rC:        It protects you from cold.
   rElec:     It insulates you from electricity.
   Fly:       It grants you flight.
   Stlth:     It makes you less stealthy.
 u - the +4 long sword "Fety" {elec, Str+2}
   (You found it on level 3 of the Dungeon)

   Str:       It affects your strength (+2).
 y - a +0 short sword of electrocution
Missiles
 f - 8 javelins
 t - 10 poisoned darts
 v - 8 boomerangs
 A - 3 throwing nets
 C - 4 atropa-tipped darts
Armour
 p - a +0 cloak (worn)
 x - a +1 pair of gloves (worn)
 J - a +0 kite shield
Jewellery
 m - a ring of see invisible (left hand)
 K - a +6 ring of strength (right hand)
Wands
 B - a wand of charming (6)
 D - a wand of light (9)
 G - a wand of flame (47)
 H - a wand of mindburst (7)
Scrolls
 e - 2 scrolls of amnesia {unknown}
 h - 9 scrolls of identify {unknown}
 j - a scroll of brand weapon {unknown}
 k - 5 scrolls of fog {unknown}
 o - 2 scrolls of teleportation {unknown}
 q - a scroll of enchant armour {unknown}
 r - 2 scrolls of fear {unknown}
 w - a scroll of torment {unknown}
 I - a scroll of poison {unknown}
Potions
 c - a potion of experience {unknown}
 d - a potion of mutation {unknown}
 g - 2 potions of brilliance
 i - a potion of invisibility
 l - a potion of might
 n - a potion of haste {unknown}
 s - a potion of berserk rage {unknown}
 E - 2 potions of ambrosia {unknown}
 F - 2 potions of flight {unknown}


   Skills:
 + Level 6.4 Short Blades
 + Level 2.7 Throwing
 - Level 1.7 Dodging
 + Level 6.9 Stealth
 + Level 1.9 Shields
 + Level 6.1 Spellcasting
 + Level 6.4 Hexes
 + Level 3.3 Invocations
 + Level 3.1 Evocations


You had 9 spell levels left.
You knew the following spells:

 Your Spells              Type           Power      Damage    Failure   Level
a - Dazzling Flash        Conj/Hex       56%        N/A       9%          3
b - Ensorcelled Hibernat  Hex/Ice        56%        N/A       4%          2
c - Confusing Touch       Hex            47%        N/A       2%          3
d - Tukima's Dance        Hex            47%        N/A       2%          3

Your spell library contained the following spells:

 Spells                   Type           Power      Damage    Failure   Level
 Freeze                   Ice            36%        1d5       11%         1
 Frozen Ramparts          Ice            18%        1d3       30%         3
 Hailstorm                Conj/Ice       9%         3d4       30%         3


Dungeon Overview and Level Annotations

Branches:
Dungeon (8/15)             Temple (0/1) D:7           Sewer (visited)
   Lair: D:8-11

Altars:
Cheibriados
Dithmenos
Elyvilon
Gozag
Kikubaaqudgha
Makhleb
Nemelex Xobeh
Okawaru
Qazlal
Wu Jian
Xom
Zin

Shops:
D:7 =


Innate Abilities, Weirdness & Mutations

You can breathe waves of freezing cold which knock back foes.
Your icy white scales are hard. (AC +7)
You cannot fit into any form of body armour.
Your flesh is cold resistant. (rC+)
You are cold-blooded and may be slowed by cold attacks.


Message History

It was a potion of brilliance.
You feel clever all of a sudden.
You feel sick.
The killer bee stings you but does no damage.
A bullfrog comes into view.
The killer bee barely misses you. The killer bee misses you.
The killer bee stings you.
* * * LOW HITPOINT WARNING * * *
The killer bee closely misses you. The killer bee barely misses you.
It was a potion of curing.
You feel better.
The killer bee is no longer blind. x2
The killer bee misses you. The killer bee stings you.
* * * LOW HITPOINT WARNING * * *
You are lethally poisoned!
The killer bee poisons you! The killer bee misses you.
The killer bee stings you.
* * * LOW HITPOINT WARNING * * *
The killer bee completely misses you. The killer bee misses you.
You feel better. The killer bee closely misses you.
The killer bee stings you but does no damage.
The killer bee stings you.
* * * LOW HITPOINT WARNING * * *
The killer bee closely misses you.
The killer bee stings you but does no damage.
The killer bee stings you.
* * * LOW HITPOINT WARNING * * *
You are lethally poisoned!
The killer bee poisons you!
You feel better. The killer bee closely misses you.
The killer bee barely misses you. The killer bee misses you.
The killer bee stings you.
* * * LOW HITPOINT WARNING * * *
You are lethally poisoned!
The killer bee poisons you! The killer bee barely misses you.
The killer bee stings you.
* * * LOW HITPOINT WARNING * * *
You are more poisoned.
The killer bee poisons you!
It was a potion of might.
You feel very mighty all of a sudden.
You die...

#......##..####
#..##....#### .
##...F##
##....# ##...##
##...## ##...##
##...# ##y@#
##yy# ....#
......#
.....#..#
.y....#...#
......## ...#
......## #..# #


You could see a bullfrog (wandering, unable to see you) and 4 killer bees.

Vanquished Creatures
  3 yaks
  A wyvern (D:7)
  A steam dragon (D:7)
  Pargi (Sewer)
  4 ice beasts
  2 ogres (D:6)
  A centaur (D:7)
  A kobold brigand (D:7)
  A phantom (D:5)
  2 bullfrogs
  5 scorpions
  A gnoll sergeant (D:7)
  2 necrophages (D:6)
  8 killer bees
  A howler monkey (D:7)
  5 jellies
  An orc priest (D:7)
  Crazy Yiuf (D:2)
  A gnoll bouda (D:8)
  6 hounds
  An iguana (D:5)
  3 orc wizards (D:7)
  15 gnolls
  6 adders
  A shadow imp (D:7)
  3 ufetubi
  11 worms
  A dart slug (D:1)
  20 orcs
  5 endoplasms
  12 giant cockroaches
  13 goblins
  8 hobgoblins
  2 jackals (D:2)
  17 kobolds
  5 quokkas
  7 ball pythons
  7 bats
  4 frilled lizards
  11 rats
200 creatures vanquished.

Vanquished Creatures (collateral kills)
  Sigmund (D:2)
1 creature vanquished.

Grand Total: 201 creatures vanquished

Notes
Turn   | Place    | Note
-------+----------+-------------------------------------------
     0 | D:1      | mopl the Draconian Enchanter began the quest for the Orb.
     0 | D:1      | Reached XP level 1. HP: 14/14 MP: 3/3
     6 | D:1      | Noticed a black bear
     6 | D:1      | Noticed a snapping turtle
     6 | D:1      | Noticed a scorpion
     7 | D:1      | Noticed a swamp drake
    93 | D:1      | Reached XP level 2. HP: 10/20 MP: 5/5
   104 | D:1      | Learned a level 2 spell: Ensorcelled Hibernation
   319 | D:1      | Reached skill level 3 in Stealth
   507 | D:1      | Reached skill level 3 in Hexes
   566 | D:1      | Reached XP level 3. HP: 26/26 MP: 6/6
   587 | D:1      | Learned a level 3 spell: Confusing Touch
   872 | D:2      | Found an ancient bone altar of Kikubaaqudgha.
   914 | D:2      | Identified the +3 rapier "Terraz" {flame, Fly rElec rC+
                  | Stlth-}
  1166 | D:2      | Reached skill level 2 in Short Blades
  1217 | D:2      | Reached XP level 4. HP: 13/33 MP: 7/7
  1407 | D:2      | Noticed Sigmund
  1419 | D:2      | Learned a level 3 spell: Tukima's Dance
  1429 | D:2      | Killed Sigmund
  1430 | D:2      | Reached skill level 4 in Stealth
  1430 | D:2      | Reached skill level 3 in Spellcasting
  1430 | D:2      | Reached XP level 5. HP: 38/38 MP: 6/9
  1457 | D:2      | Found a runed translucent door.
  1458 | D:2      | Noticed Crazy Yiuf
  1469 | D:2      | Killed Crazy Yiuf
  1470 | D:2      | Reached skill level 3 in Short Blades
  1719 | D:3      | Reached XP level 6. HP: 45/45 MP: 10/10
  1777 | D:3      | Found a glowing drain.
  1786 | Sewer    | Entered a sewer
  1885 | Sewer    | Noticed Pargi
  1906 | Sewer    | Killed Pargi
  1907 | Sewer    | Reached skill level 4 in Hexes
  2211 | D:3      | Found an iron altar of Okawaru.
  2302 | D:3      | Found a faded altar of an unknown god.
  2391 | D:3      | Identified the +4 long sword "Fety" {elec, Str+2}
  2604 | D:4      | Found a stormy altar of Qazlal.
  2622 | D:4      | Your scales start taking on an icy white colour.
  2622 | D:4      | Reached XP level 7. HP: 36/50 MP: 12/12
  2622 | D:4      | Gained mutation: Your flesh is cold resistant. (rC+) [White
                  | Draconian growth]
  2776 | D:4      | Found a snail-covered altar of Cheibriados.
  2862 | D:4      | Reached skill level 4 in Spellcasting
  3127 | D:4      | Found a burning altar of Makhleb.
  3264 | D:4      | Learned a level 3 spell: Dazzling Flash
  3291 | D:5      | Entered Level 5 of the Dungeon
  3341 | D:5      | Reached skill level 4 in Short Blades
  3354 | D:4      | HP: 2/50 [poisoned by a gnoll]
  3625 | D:5      | Found a shimmering altar of Xom.
  3665 | D:5      | Found a glowing silver altar of Zin.
  3691 | D:5      | Reached skill level 5 in Stealth
  3769 | D:5      | Noticed a yak
  3770 | D:5      | Noticed a yak
  3770 | D:5      | Noticed a yak
  3795 | D:5      | Killed a yak
  3796 | D:5      | Reached skill level 5 in Hexes
  3796 | D:5      | Reached XP level 8. HP: 36/57 MP: 11/15
  4040 | D:5      | Reached skill level 5 in Short Blades
  4040 | D:5      | Reached skill level 5 in Spellcasting
  4129 | D:5      | Reached skill level 6 in Stealth
  4432 | D:5      | Found an opulent altar of Gozag.
  4446 | D:5      | Found a shadowy altar of Dithmenos.
  4450 | D:5      | Became a worshipper of Dithmenos the Shadowed
  4566 | D:6      | Reached skill level 1 in Invocations
  4566 | D:6      | Reached skill level 1 in Evocations
  4597 | D:6      | Reached skill level 1 in Throwing
  4726 | D:6      | Found an ornate altar of the Wu Jian Council.
  4748 | D:6      | Reached XP level 9. HP: 57/62 MP: 17/17
  4894 | D:6      | Found a white marble altar of Elyvilon.
  5373 | D:7      | Reached skill level 6 in Hexes
  5381 | D:7      | Reached skill level 2 in Invocations
  5411 | D:7      | Reached skill level 2 in Evocations
  5612 | D:7      | Found a staircase to the Ecumenical Temple.
  5626 | D:7      | Reached skill level 6 in Short Blades
  5626 | D:7      | Reached skill level 2 in Throwing
  5720 | D:7      | Reached * piety under Dithmenos
  5721 | D:7      | Reached skill level 1 in Shields
  5995 | D:7      | Reached skill level 6 in Spellcasting
  6035 | D:7      | Reached skill level 3 in Invocations
  6072 | D:7      | Found Tinlisyrgh's Jewellery Emporium.
  6194 | D:7      | Found a sparkling altar of Nemelex Xobeh.
  6468 | D:8      | Noticed a two-headed ogre
  6469 | D:8      | Reached skill level 3 in Evocations
  6804 | D:8      | Reached ** piety under Dithmenos
  6844 | D:8      | HP: 3/62 [killer bee (3)]
  6846 | D:8      | Succumbed to a killer bee's poison

Illustrated notes

Levels and vault maps discovered:
D:1:      onia_arrival_zoo_common, layout_basic
D:2:      layout_loops_ring, basic_altar, kennysheep_another_room,
          uniq_crazy_yiuf_cottage, uniq_sigmund
D:3:      layout_rooms, okawaru_altar_gauntlet_db,
          shapermc_ecumenical_altar_petra, gup_sewer_entry_bubbles,
          interstate_on_off
D:4:      layout_basic, marbit_many_paths, slow_altar_1, old_standard_altar
D:5:      layout_gridville, nicolae_overflow_quartered_altars, serial_rivers,
          chequers_serial_rivers_micro_a, chequers_serial_rivers_micro_d,
          chequers_serial_rivers_micro_c, chequers_serial_rivers_room_a,
          nicolae_wormholes
D:6:      layout_loops_ring, amcnicky_altar_gilded,
          mainiacjoe_overflow_alcove_4, kennysheep_windowed_goal
D:7:      layout_loops_ring, mainiacjoe_overflow_alcove_1,
          minmay_temple_entry_drinking_statues, serial_shops, shop_fountains
D:8:      layout_cave_pods, st_stairs_5, roderic_roman_lattice

Skill      XL: |  1  2  3  4  5  6  7  8  9 |
---------------+----------------------------+-----
Stealth        | 3 4 5 6 |  6.9
Hexes          | 3 4 5 6 |  6.4
Short Blades   | 2 3 4 5 6 |  6.4
Spellcasting   | 3 4 5 6 |  6.1
Invocations    | 1 3 |  3.3
Evocations     | 1 3 |  3.1
Throwing       | 1 2 |  2.7
Shields        | 1 |  1.9
Dodging        | |  1.7

Action                     |  1- 3 |  4- 6 |  7- 9 || total
---------------------------+-------+-------+-------++-------
  Melee: Dagger            |   141 |     3 |   106 ||   250
         Tailslap          |    13 |    18 |    42 ||    73
         Rapier            |    22 |   132 |   250 ||   404
         Punch             |       |       |     4 ||     4
   Cast: Ensorcelled Hiber |     5 |     5 |    89 ||    99
         Tukima's Dance    |       |     4 |     3 ||     7
         Confusing Touch   |       |       |     4 ||     4
         Dazzling Flash    |       |       |     3 ||     3
    Use: Potion            |       |       |     6 ||     6
   Stab: Sleeping          |    13 |     7 |    51 ||    71
         Confused          |       |       |     4 ||     4
 Armour: Skin              |    61 |    64 |   148 ||   273
  Dodge: Dodged            |   132 |    89 |   326 ||   547

Table legend: (Time is in decaauts)
 A = Elapsed time spent in this place.
 B = Non-inter-level travel time spent in this place.
 C = Inter-level travel time spent in this place.
 D = Time resting spent in this place.
 E = Time spent auto-exploring this place.
 F = Levels seen in this place.
 G = Mean time per level.
                   A        B        C        D        E       F      G
               +--------+--------+--------+--------+--------+-----+--------+
         Total |   6794 |   6414 |    380 |   1123 |   3645 |   9 |  754.9 |
       Dungeon |   6604 |   6224 |    380 |   1063 |   3579 |   8 |  825.5 |
         Sewer |    190 |    190 |      0 |     60 |     66 |   1 |  190.0 |
               +--------+--------+--------+--------+--------+-----+--------+

Top non-repeatable levels by time:
     D:7: 1176 daAuts
     D:4: 1061 daAuts
     D:6: 960 daAuts
     D:5: 914 daAuts
     D:2: 874 daAuts
     D:1: 831 daAuts
     D:3: 637 daAuts
   Sewer: 190 daAuts
     D:8: 148 daAuts
